Map: Void Thrashing

Players

Roy

  • Race: Protoss Protoss
  • Spawn Location: 9:00

Gednahd

  • Race: Terran Terran

VOD

Have the link to the VOD?

Description

Time

  • Played on: Nov. 12, 2019, 12:30 a.m.
  • Length: 20:18
Show
View Real Time Build Order
Export as new Build Order

Roy Protoss 

Build Orders:  

Get SALT Encoding   

  12  0:02  Probe (Chrono Boost)  
  13  0:16  Probe (Chrono Boost)  
  14  0:30  Probe (Chrono Boost)  
  14  0:32  Pylon  
  15  0:44  Probe (Chrono Boost)  
  16  0:57  Assimilator  
  16  0:58  Probe (Chrono Boost)  
  17  1:04  Assimilator  
  17  1:11  Probe (Chrono Boost)  
  17  1:18  Stargate  
  18  1:26  Probe (Chrono Boost)  
  19  1:40  Probe (Chrono Boost)  
  20  1:54  Probe (Chrono Boost)  
  21  2:03  Fleet Beacon  
  21  2:07  Probe (Chrono Boost)  
  22  2:14  Cybernetics Core  
  22  2:21  Probe (Chrono Boost), Cybernetics Core  
  23  2:35  Probe (Chrono Boost)  
  24  2:40  Scout  
  24  2:49  Probe (Chrono Boost)  
  27  2:55  Mojo's A.I. Personality  
  28  3:03  Probe (Chrono Boost)  
  29  3:17  Probe (Chrono Boost)  
  30  3:29  Protoss Air Armor Level 1, Protoss Air Weapons Level 1  
  30  3:40  Scout  
  30  3:44  Combat Sensor Array  
  33  3:55  Probe (Chrono Boost)  
  34  4:08  Probe (Chrono Boost)  
  35  4:37  Forge  
  35  4:44  Suppression Procedure  
  35  5:06  Nexus  
  35  5:13  Pylon  
  35  5:16  Pylon  
  35  5:21  Pylon  
  35  5:30  Assimilator  
  35  5:39  Assimilator  
  35  5:42  Probe (Chrono Boost)  
  35  5:44  Graviton Catapult  
  36  5:52  Protoss Shields Level 1  
  36  5:56  Probe (Chrono Boost)  
  37  6:04  Clolarion's A.I. Personality  
  37  6:10  Probe (Chrono Boost)  
  38  6:24  Probe (Chrono Boost)  
  39  6:38  Probe (Chrono Boost)  
  40  6:47  Probe (Chrono Boost)  
  41  6:52  Probe (Chrono Boost)  
  41  6:57  Carrier  
  48  7:01  Probe (Chrono Boost)  
  48  7:05  Probe (Chrono Boost)  
  50  7:14  Interdictors  
  50  7:15  Probe (Chrono Boost)  
  50  7:19  Probe (Chrono Boost)  
  52  7:33  Probe (Chrono Boost)  
  53  7:47  Stargate x2  
  53  7:50  Stargate  
  53  7:53  Stargate  
  53  7:57  Stargate  
  53  8:00  Stargate  
  53  8:01  Probe (Chrono Boost)  
  53  8:05  Probe (Chrono Boost), Stargate  
  55  8:15  Probe (Chrono Boost)  
  55  8:19  Probe (Chrono Boost)  
  57  8:29  Probe (Chrono Boost)  
  58  8:33  Probe (Chrono Boost)  
  58  8:38  Pylon  
  59  8:40  Pylon  
  59  8:43  Probe (Chrono Boost)  
  59  8:46  Probe (Chrono Boost)  
  59  8:49  Robotics Facility, Protoss Air Weapons Level 2  
  61  8:50  Protoss Air Armor Level 2  
  61  8:56  Probe (Chrono Boost)  
  62  9:00  Probe (Chrono Boost)  
  63  9:17  Purifier Armaments  
  63  9:33  Twilight Council  
  63  9:43  Scout x3  
  63  9:44  Scout  
  75  9:52  Scout  
  78  10:32  Scout x2  
  78  10:35  Carrier  
  87  10:47  Observation Protocol  
  87  11:01  Observer  
  87  11:07  Carrier  
  87  11:08  Carrier  
  100  11:12  Scout  
  100  11:19  Protoss Air Weapons Level 3  
  103  11:22  Protoss Air Armor Level 3  
  103  11:31  Observer  
  104  11:47  A Strong Heart  
  104  11:57  Protoss Shields Level 2  
  104  12:01  Observer  
  105  12:42  Scout x4  
  117  14:35  Scout  
  117  14:38  Scout  
  117  14:45  Carrier, Scout  
  117  14:46  Carrier  
  108  15:16  Protoss Shields Level 3  
  108  15:20  Carrier  
  108  15:25  Scout  
  117  15:43  Pylon  
  117  15:44  Pylon  
  117  15:46  Pylon  
  117  15:48  Pylon  
  117  15:50  Pylon  
  117  15:51  Pylon  
  117  15:53  Pylon, Scout  
  117  15:55  Pylon  
  117  15:57  Pylon  
  117  15:58  Pylon  
  117  16:08  Carrier, Scout  
  117  16:09  Carrier  
  132  17:54  Carrier x4  
  132  17:58  Scout x2  
  174  19:01  Scout  
Show
View Real Time Build Order
Export as new Build Order

Gednahd Terran 

Build Orders:  

Get SALT Encoding   

  12  0:05  Starport Tech Lab  
  12  0:08  SCV  
  13  0:25  SCV  
  13  0:29  Supply Depot  
  15  0:42  SCV  
  15  0:50  Refinery  
  15  1:06  SCV  
  17  1:23  Assault Galleon, SCV  
  18  1:40  SCV  
  18  1:50  Refinery  
  18  1:57  SCV  
  19  2:08  Supply Depot  
  20  2:14  SCV  
  21  2:31  SCV, Armory  
  21  2:57  Assault Galleon  
  21  3:06  SCV  
  23  3:23  SCV  
  23  3:45  Fusion Core  
  24  3:51  SCV  
  24  4:04  Strike Fighter Platform  
  24  4:08  SCV  
  27  4:25  SCV  
  29  4:42  SCV  
  29  4:56  Supply Depot  
  29  4:59  SCV  
  30  5:11  Horner Weapons Level 1  
  33  5:29  Supply Depot  
  33  5:30  Drone Hangar  
  33  5:46  Hellion  
  35  5:55  Hellion  
  37  6:00  Supply Depot  
  37  6:05  Hellion  
  39  6:12  Hellion  
  39  6:15  Hellion  
  43  6:33  Supply Depot  
  43  7:10  Overcharged Reactor  
  43  7:34  Command Center  
  43  7:47  Assault Galleon  
  43  7:54  Assault Galleon  
  43  8:02  Horner Armor Level 1  
  43  8:13  Napalm Payload  
  46  8:36  Drone Hangar  
  47  9:10  SCV  
  47  9:20  Refinery  
  47  9:25  SCV  
  47  9:27  SCV  
  49  9:35  Assault Galleon  
  51  9:42  SCV  
  51  9:43  Unregistered Cloak System  
  51  9:44  SCV  
  51  9:50  Theia Raven  
  51  9:59  SCV  
  55  10:01  SCV  
  55  10:16  SCV  
  55  10:18  SCV  
  60  10:29  Drone Hangar  
  61  10:33  SCV  
  54  11:24  Hellion  
  54  11:25  Hellion  
  54  11:26  Drone Hangar  
  58  11:49  Hellion x2  
  62  11:50  Hellion x2  
  62  11:59  Hellion x2  
  70  12:00  Hellion x2  
  70  12:08  Hellion  
  70  12:09  Hellion  
  78  12:43  Multi-Threaded Sensors  
  78  13:02  Supply Depot  
  79  13:20  SCV  
  79  13:24  Refinery  
  79  13:33  Supply Depot  
  79  13:37  SCV  
  80  13:46  Trigger Override  
  81  13:54  SCV  
  81  14:04  Supply Depot  
  82  14:11  SCV  
  82  14:28  SCV  
  83  14:34  Horner Weapons Level 2  
  83  14:36  Supply Depot  
  83  14:45  SCV  
  83  15:02  SCV  
  83  15:07  Supply Depot  
  81  15:10  Hellion x2  
  81  15:11  Hellion x3  
  81  15:19  SCV  
  92  15:20  Hellion x3  
  92  15:21  Hellion x2  
  92  15:22  Sovereign Battlecruiser  
  100  15:54  Hellion x3  
  100  15:55  Hellion x2  
  108  16:04  Hellion x3  
  108  16:05  Hellion x2  
  112  16:14  Hellion  
  106  17:25  SCV  
  108  17:42  SCV  
  108  17:44  Horner Armor Level 2  
  108  18:14  Sovereign Battlecruiser  
  108  18:17  Asteria Wraith  
  126  18:29  Hellion x4  
  136  18:30  Hellion  
  136  18:39  Hellion x2  
  125  18:53  Hellion x4  
  125  18:57  Drone Hangar  
  103  19:02  Hellion  
  103  19:03  Hellion x3  
  109  19:12  Hellion  
  109  19:13  Hellion x3  
  109  19:22  Hellion  
  109  19:23  Hellion x3  
  109  19:32  Hellion  
  109  19:33  Hellion x3  
  109  19:39  Hellion  
  109  19:42  Hellion  
  109  19:43  Hellion x3  
  109  19:49  Hellion  
  119  19:52  Hellion x2  
  119  19:53  Hellion x2  
  119  19:59  Hellion  
  127  20:02  Hellion x2  
  127  20:03  Hellion x2  
Tags
 
Add a new tag
Caveats
  • Supply blocks, unpowered buildings, or Contaminate may cause inaccurate times.
  • Supply counts are checked every 10 seconds.